[ AOE2 MATCH · #465573719 ]
Team RMMongols vs Franks
[ REPLAY ANALYSIS · EXTRACTED FROM THE RECORDED GAME ]
Feudal
12:36
Castle
21:05
Imperial
39:14
| APM avg | 18.2 |
| APM peak | 52 |
| eAPM avg | 11.3 |
| Villagers / military | 78 / 151 |
Focus
⚔️ 24.7% · 🌾 75.3%
Mangudai ×99 · Trade Cart ×42 · Camel Scout ×24 · Steppe Lancer ×6 · Spearman ×5 · Battering Ram ×5
Feudal
12:10
Castle
22:12
Imperial
35:00
| APM avg | 19.6 |
| APM peak | 59 |
| eAPM avg | 14.5 |
| Villagers / military | 134 / 220 |
Focus
⚔️ 36.2% · 🌾 63.8%
Knight ×196 · Scout Cavalry ×15 · Trade Cart ×5 · Bombard Cannon ×4 · Trebuchet (Packed) ×3 · Monk ×2
Feudal
10:40
Castle
22:34
Imperial
37:46
| APM avg | 17.9 |
| APM peak | 74 |
| eAPM avg | 12.8 |
| Villagers / military | 152 / 280 |
Focus
⚔️ 46.0% · 🌾 54.0%
Archer ×129 · Spearman ×93 · Skirmisher ×35 · Fire Lancer ×14 · Bombard Cannon ×9
Feudal
10:23
Castle
20:53
Imperial
43:21
| APM avg | 19.9 |
| APM peak | 47 |
| eAPM avg | 11.1 |
| Villagers / military | 131 / 579 |
Focus
⚔️ 40.4% · 🌾 59.6%
Magyar Huszar ×442 · Knight ×130 · Trebuchet (Packed) ×6 · Scout Cavalry ×1
Match map
Resources at game start + every placement click. Thick line = wall · dashed box = detected house wall. 🟡 gold · ⚪ stone · 🟢 berries · 🔶 boar · ⭕ relic
Inputs per minute
— Anders Viking Håndboldlandshold - - The Joker 7
Build order — Anders Viking Håndboldlandshold
First 150 of 317 actions detected
| 0:02 | Create | Villager (Male) |
| 0:02 | Create | Villager (Male) |
| 0:02 | Create | Villager (Male) |
| 0:03 | Create | Villager (Male) |
| 0:05 | Build | House |
| 0:06 | Build | House |
| 1:28 | Create | Villager (Male) |
| 1:29 | Research | Loom |
| 2:00 | Create | Villager (Male) |
| 2:21 | Create | Villager (Male) |
| 3:04 | Create | Villager (Male) |
| 3:05 | Create | Villager (Male) |
| 3:34 | Build | House |
| 3:36 | Build | House |
| 3:37 | Build | House |
| 3:48 | Build | Lumber Camp |
| 3:57 | Create | Villager (Male) |
| 3:57 | Create | Villager (Male) |
| 4:29 | Create | Villager (Male) |
| 4:52 | Build | Palisade Gate |
| 5:22 | Create | Villager (Male) |
| 5:27 | Create | Villager (Male) |
| 5:59 | Create | Villager (Male) |
| 6:16 | Create | Villager (Male) |
| 6:38 | Build | Mill |
| 6:50 | Create | Villager (Male) |
| 7:24 | Create | Villager (Male) |
| 7:55 | Create | Villager (Male) |
| 8:09 | Create | Villager (Male) |
| 8:15 | Create | Villager (Male) |
| 8:53 | Build | House |
| 8:54 | Build | House |
| 9:02 | Build | Barracks |
| 9:12 | Build | Palisade Wall |
| 9:14 | Build | Building 796 |
| 9:19 | Build | Farm |
| 9:19 | Build | Farm |
| 9:19 | Build | Farm |
| 9:20 | Build | Farm |
| 9:20 | Build | Farm |
| 9:20 | Build | Farm |
| 9:21 | Build | Farm |
| 9:21 | Build | Farm |
| 9:40 | Build | Farm |
| 9:42 | Create | Villager (Male) |
| 10:26 | Research | Feudal Age |
| 10:37 | Create | Villager (Male) |
| 10:52 | Build | House |
| 11:05 | Build | Palisade Wall |
| 11:23 | Build | Palisade Wall |
| 11:31 | Build | Building 804 |
| 11:36 | Build | Building 796 |
| 11:44 | Create | Villager (Male) |
| 12:01 | Build | House |
| 12:08 | Build | Palisade Wall |
| 12:36 | Age | Feudal Age |
| 12:37 | Research | Horse Collar |
| 12:38 | Research | Double-Bit Axe |
| 13:09 | Build | Mining Camp |
| 13:12 | Create | Villager (Male) |
| 13:12 | Create | Villager (Male) |
| 13:39 | Build | Stable |
| 13:50 | Build | Blacksmith |
| 14:11 | Build | Palisade Wall |
| 14:29 | Create | Spearman |
| 14:33 | Create | Villager (Male) |
| 14:36 | Research | Wheelbarrow |
| 14:36 | Create | Villager (Male) |
| 14:36 | Create | Villager (Male) |
| 14:40 | Create | Villager (Male) |
| 14:52 | Research | Gold Mining |
| 14:55 | Create | Scout Cavalry |
| 14:55 | Create | Scout Cavalry |
| 14:56 | Create | Scout Cavalry |
| 15:34 | Create | Villager (Male) |
| 15:43 | Build | Barracks |
| 16:42 | Build | Mining Camp |
| 16:54 | Build | Watch Tower |
| 18:08 | Build | Palisade Wall |
| 18:14 | Build | Palisade Wall |
| 18:17 | Build | Building 804 |
| 18:25 | Research | Castle Age |
| 18:49 | Create | Villager (Male) |
| 18:52 | Build | Farm |
| 18:52 | Build | Farm |
| 18:53 | Build | Farm |
| 18:53 | Build | Farm |
| 19:01 | Build | Lumber Camp |
| 19:12 | Create | Villager (Male) |
| 19:16 | Research | Stone Mining |
| 21:05 | Age | Castle Age |
| 21:13 | Research | Bow Saw |
| 21:14 | Research | Heavy Plow |
| 21:18 | Create | Villager (Male) |
| 21:23 | Research | Bloodlines |
| 21:35 | Create | Steppe Lancer |
| 21:49 | Build | Town Center |
| 21:50 | Create | Villager (Male) |
| 21:52 | Create | Villager (Male) |
| 22:59 | Create | Villager (Male) |
| 23:03 | Create | Villager (Male) |
| 23:08 | Create | Steppe Lancer |
| 23:08 | Create | Steppe Lancer |
| 23:18 | Research | Scale Barding Armor |
| 23:43 | Build | Farm |
| 23:46 | Create | Villager (Male) |
| 23:47 | Create | Villager (Male) |
| 23:55 | Create | Villager (Male) |
| 24:05 | Build | Town Center |
| 24:08 | Create | Villager (Male) |
| 24:13 | Build | Farm |
| 24:15 | Create | Villager (Male) |
| 24:22 | Create | Steppe Lancer |
| 24:54 | Build | Farm |
| 24:56 | Create | Villager (Male) |
| 24:59 | Create | Villager (Male) |
| 25:19 | Create | Steppe Lancer |
| 25:20 | Create | Steppe Lancer |
| 25:25 | Build | Farm |
| 25:26 | Create | Villager (Male) |
| 25:34 | Build | House |
| 25:35 | Build | House |
| 25:36 | Build | House |
| 25:39 | Build | House |
| 25:51 | Research | Forging |
| 25:57 | Build | Farm |
| 25:58 | Create | Villager (Male) |
| 26:02 | Create | Villager (Male) |
| 26:10 | Create | Villager (Male) |
| 26:34 | Create | Villager (Male) |
| 26:36 | Create | Villager (Male) |
| 26:44 | Build | Farm |
| 26:52 | Build | Archery Range |
| 27:01 | Research | Husbandry |
| 28:04 | Research | Pikeman (upgrade) |
| 28:06 | Create | Spearman |
| 28:06 | Create | Spearman |
| 28:07 | Create | Spearman |
| 28:07 | Create | Spearman |
| 28:10 | Build | Farm |
| 28:10 | Build | Farm |
| 28:13 | Create | Villager (Male) |
| 28:13 | Create | Villager (Male) |
| 28:13 | Create | Villager (Male) |
| 28:20 | Create | Camel Scout ×3 |
| 28:37 | Build | Castle |
| 28:44 | Create | Villager (Male) |
| 28:46 | Create | Villager (Male) |
| 29:21 | Create | Camel Scout |
| 29:22 | Create | Camel Scout |
Build order — The Joker 7
First 150 of 519 actions detected
| 0:02 | Create | Villager (Male) |
| 0:02 | Create | Villager (Male) |
| 0:03 | Create | Villager (Male) |
| 0:03 | Create | Villager (Male) |
| 0:04 | Build | House |
| 0:07 | Build | House |
| 1:17 | Create | Villager (Male) |
| 1:51 | Build | Lumber Camp |
| 2:10 | Create | Villager (Male) |
| 2:25 | Create | Villager (Male) |
| 2:47 | Create | Villager (Male) |
| 3:13 | Create | Villager (Male) |
| 4:17 | Create | Villager (Male) |
| 4:17 | Create | Villager (Male) |
| 4:49 | Build | House |
| 4:53 | Create | Villager (Male) |
| 5:22 | Build | House |
| 5:25 | Build | House |
| 5:37 | Build | House |
| 5:56 | Create | Villager (Male) |
| 5:56 | Create | Villager (Male) |
| 6:12 | Build | Mill |
| 6:40 | Create | Villager (Male) |
| 6:40 | Create | Villager (Male) |
| 6:52 | Build | House |
| 6:57 | Build | Barracks |
| 7:01 | Build | House |
| 7:27 | Create | Villager (Male) |
| 7:28 | Create | Villager (Male) |
| 8:22 | Build | Palisade Wall |
| 8:25 | Create | Villager (Male) |
| 8:26 | Create | Villager (Male) |
| 8:26 | Create | Villager (Male) |
| 10:00 | Research | Feudal Age |
| 10:01 | Research | Feudal Age |
| 10:33 | Build | House |
| 10:40 | Build | House |
| 10:43 | Build | House |
| 11:04 | Build | Palisade Gate |
| 11:10 | Build | Palisade Wall |
| 11:19 | Build | Lumber Camp |
| 11:21 | Create | Villager (Male) |
| 11:21 | Create | Villager (Male) |
| 11:22 | Create | Villager (Male) |
| 11:22 | Create | Villager (Male) |
| 11:22 | Create | Villager (Male) |
| 11:30 | Build | House |
| 11:45 | Build | Palisade Wall |
| 12:10 | Age | Feudal Age |
| 12:39 | Build | Farm |
| 12:45 | Build | Farm |
| 12:51 | Build | Farm |
| 12:51 | Build | Farm |
| 12:51 | Build | Farm |
| 12:52 | Build | Farm |
| 13:08 | Create | Villager (Male) |
| 13:09 | Create | Villager (Male) |
| 13:09 | Create | Villager (Male) |
| 13:17 | Build | Mining Camp |
| 13:21 | Create | Villager (Male) |
| 13:21 | Create | Villager (Male) |
| 13:31 | Build | Farm |
| 13:32 | Build | Farm |
| 13:32 | Build | Farm |
| 13:32 | Build | Farm |
| 13:32 | Build | Farm |
| 13:33 | Build | Farm |
| 13:39 | Create | Villager (Male) |
| 14:28 | Build | Stable |
| 14:33 | Research | Double-Bit Axe |
| 14:53 | Research | Loom |
| 14:54 | Create | Villager (Male) |
| 14:54 | Create | Villager (Male) |
| 15:06 | Build | Mining Camp |
| 15:10 | Build | Mill |
| 15:42 | Build | House |
| 16:03 | Research | Gold Mining |
| 16:23 | Build | Building 490 |
| 16:35 | Create | Villager (Male) |
| 16:38 | Create | Scout Cavalry |
| 18:21 | Build | Market |
| 18:30 | Build | Stable |
| 18:32 | Build | Stable |
| 18:34 | Build | Stable |
| 18:43 | Build | Blacksmith |
| 19:32 | Research | Castle Age |
| 19:42 | Research | Forging |
| 19:50 | Build | House |
| 19:54 | Build | House |
| 19:55 | Build | House |
| 19:57 | Build | House |
| 20:53 | Research | Scale Barding Armor |
| 21:28 | Build | Farm |
| 22:12 | Age | Castle Age |
| 22:14 | Build | Town Center |
| 22:20 | Build | Town Center |
| 22:34 | Research | Gold Shaft Mining |
| 22:37 | Research | Wheelbarrow |
| 22:42 | Research | Husbandry |
| 22:48 | Create | Knight |
| 22:48 | Create | Knight |
| 22:48 | Create | Knight |
| 22:49 | Create | Knight |
| 23:16 | Create | Villager (Male) |
| 23:17 | Create | Villager (Male) |
| 23:29 | Create | Villager (Male) |
| 23:29 | Create | Villager (Male) |
| 23:29 | Create | Villager (Male) |
| 23:41 | Create | Knight |
| 23:42 | Create | Knight |
| 24:23 | Build | Monastery |
| 24:30 | Build | University |
| 24:41 | Create | Knight |
| 24:41 | Create | Knight |
| 24:42 | Create | Knight |
| 24:42 | Create | Knight |
| 24:42 | Create | Knight |
| 24:46 | Create | Villager (Male) |
| 24:50 | Create | Villager (Male) |
| 24:50 | Create | Villager (Male) |
| 24:54 | Create | Villager (Male) |
| 24:55 | Create | Villager (Male) |
| 24:55 | Create | Villager (Male) |
| 25:04 | Create | Monk |
| 25:15 | Create | Villager (Male) |
| 25:26 | Build | Farm |
| 25:46 | Create | Villager (Male) |
| 25:46 | Create | Villager (Male) |
| 25:51 | Research | Stone Mining |
| 25:54 | Build | Farm |
| 26:20 | Build | Castle |
| 26:25 | Build | Farm |
| 26:32 | Create | Knight |
| 26:32 | Create | Knight |
| 26:32 | Create | Knight |
| 26:53 | Create | Villager (Male) |
| 27:08 | Create | Villager (Male) |
| 27:09 | Create | Villager (Male) |
| 27:28 | Build | Farm |
| 27:48 | Build | Farm |
| 27:49 | Build | Farm |
| 28:16 | Build | Farm |
| 28:38 | Build | Farm |
| 28:39 | Create | Villager (Male) |
| 28:39 | Create | Villager (Male) |
| 29:04 | Create | Villager (Male) |
| 29:04 | Create | Villager (Male) |
| 29:05 | Create | Villager (Male) |
| 29:09 | Build | Farm |
| 29:29 | Build | Farm |
Build order — tekin_vision
First 150 of 576 actions detected
| 0:02 | Build | House |
| 0:04 | Build | House |
| 0:05 | Create | Villager (Male) |
| 0:05 | Create | Villager (Male) |
| 0:05 | Create | Villager (Male) |
| 0:05 | Create | Villager (Male) |
| 1:32 | Create | Villager (Male) |
| 1:50 | Build | Lumber Camp |
| 2:02 | Create | Villager (Male) |
| 2:02 | Create | Villager (Male) |
| 2:29 | Create | Villager (Male) |
| 2:49 | Create | Villager (Male) |
| 3:25 | Build | House |
| 3:30 | Create | Villager (Male) |
| 3:33 | Create | Villager (Male) |
| 3:33 | Create | Villager (Male) |
| 3:50 | Create | Villager (Male) |
| 4:18 | Create | Villager (Male) |
| 4:24 | Build | Mill |
| 4:53 | Create | Villager (Male) |
| 5:00 | Build | House |
| 5:11 | Create | Villager (Male) |
| 5:33 | Create | Villager (Male) |
| 5:45 | Create | Villager (Male) |
| 5:59 | Create | Villager (Male) |
| 6:03 | Build | Mill |
| 6:17 | Create | Villager (Male) |
| 6:29 | Research | Loom |
| 7:17 | Build | House |
| 8:03 | Create | Villager (Male) |
| 8:18 | Research | Feudal Age |
| 9:07 | Create | Villager (Male) |
| 9:07 | Create | Villager (Male) |
| 9:23 | Build | Barracks |
| 9:49 | Create | Villager (Male) |
| 9:49 | Create | Villager (Male) |
| 10:40 | Age | Feudal Age |
| 10:42 | Build | Archery Range |
| 10:47 | Build | Blacksmith |
| 10:59 | Create | Villager (Male) |
| 10:59 | Create | Villager (Male) |
| 11:11 | Build | Mining Camp |
| 11:23 | Build | House |
| 11:30 | Build | House |
| 11:33 | Build | House |
| 11:35 | Build | House |
| 11:36 | Build | House |
| 12:12 | Research | Double-Bit Axe |
| 12:14 | Research | Gold Mining |
| 12:40 | Build | Farm |
| 12:41 | Build | Farm |
| 12:41 | Build | Farm |
| 12:42 | Build | Farm |
| 12:42 | Build | Farm |
| 12:55 | Build | Farm |
| 13:26 | Build | Lumber Camp |
| 13:32 | Create | Villager (Male) |
| 13:32 | Create | Villager (Male) |
| 13:32 | Create | Villager (Male) |
| 13:33 | Create | Villager (Male) |
| 13:33 | Create | Villager (Male) |
| 13:53 | Create | Archer |
| 13:54 | Create | Archer |
| 13:54 | Create | Archer |
| 13:54 | Create | Archer |
| 13:54 | Create | Archer |
| 14:19 | Create | Archer |
| 14:20 | Create | Archer |
| 16:34 | Create | Villager (Male) |
| 16:35 | Create | Villager (Male) |
| 16:35 | Create | Villager (Male) |
| 16:35 | Create | Villager (Male) |
| 16:38 | Build | Farm |
| 16:38 | Build | Farm |
| 16:38 | Build | Farm |
| 16:39 | Build | Farm |
| 16:41 | Research | Horse Collar |
| 17:23 | Build | Farm |
| 17:23 | Build | Farm |
| 17:24 | Build | Farm |
| 17:24 | Build | Farm |
| 17:24 | Build | Farm |
| 17:25 | Build | Farm |
| 17:25 | Build | Farm |
| 17:25 | Build | Farm |
| 17:31 | Create | Villager (Male) |
| 17:31 | Create | Villager (Male) |
| 17:31 | Create | Villager (Male) |
| 17:32 | Create | Villager (Male) |
| 17:55 | Build | House |
| 17:57 | Build | House |
| 17:58 | Build | House |
| 17:59 | Build | House |
| 18:01 | Build | House |
| 18:06 | Build | Market |
| 19:04 | Create | Villager (Male) |
| 19:32 | Research | Castle Age |
| 19:53 | Create | Spearman |
| 19:54 | Create | Spearman |
| 19:54 | Create | Spearman |
| 19:54 | Create | Spearman |
| 21:14 | Create | Villager (Male) |
| 21:15 | Create | Villager (Male) |
| 21:15 | Create | Villager (Male) |
| 21:15 | Create | Villager (Male) |
| 21:15 | Create | Villager (Male) |
| 21:16 | Create | Villager (Male) |
| 21:16 | Create | Villager (Male) |
| 21:17 | Create | Villager (Male) |
| 21:35 | Research | Wheelbarrow |
| 21:42 | Build | House |
| 21:44 | Build | House |
| 21:45 | Build | House |
| 21:47 | Build | House |
| 21:48 | Build | House |
| 21:49 | Build | House |
| 21:50 | Build | House |
| 21:51 | Build | House |
| 21:52 | Build | House |
| 21:54 | Build | House |
| 22:17 | Research | Scale Mail Armor |
| 22:18 | Research | Forging |
| 22:22 | Research | Fletching |
| 22:23 | Research | Padded Archer Armor |
| 22:34 | Age | Castle Age |
| 22:58 | Build | Town Center |
| 23:24 | Build | Mining Camp |
| 23:29 | Create | Villager (Male) |
| 23:29 | Create | Villager (Male) |
| 23:29 | Create | Villager (Male) |
| 23:30 | Create | Villager (Male) |
| 23:30 | Create | Villager (Male) |
| 23:30 | Create | Villager (Male) |
| 23:37 | Research | Squires |
| 23:46 | Create | Fire Lancer |
| 23:46 | Create | Fire Lancer |
| 23:46 | Create | Fire Lancer |
| 23:46 | Create | Fire Lancer |
| 23:47 | Create | Fire Lancer |
| 23:47 | Create | Fire Lancer |
| 23:47 | Create | Fire Lancer |
| 23:48 | Create | Fire Lancer |
| 23:48 | Create | Fire Lancer |
| 23:48 | Create | Fire Lancer |
| 23:49 | Create | Fire Lancer |
| 23:50 | Create | Fire Lancer |
| 23:50 | Create | Fire Lancer |
| 23:50 | Create | Fire Lancer |
| 24:16 | Create | Villager (Male) |
| 24:16 | Create | Villager (Male) |
Build order — Duc
First 150 of 371 actions detected
| 0:02 | Create | Villager (Male) ×4 |
| 0:05 | Build | House |
| 0:07 | Build | House |
| 1:29 | Create | Villager (Male) |
| 1:49 | Build | Lumber Camp |
| 2:01 | Create | Villager (Male) |
| 2:01 | Create | Villager (Male) |
| 2:30 | Create | Villager (Male) |
| 2:59 | Create | Villager (Male) |
| 3:24 | Create | Villager (Male) |
| 3:30 | Build | House |
| 3:32 | Build | House |
| 4:02 | Create | Villager (Male) |
| 4:38 | Create | Villager (Male) ×2 |
| 5:09 | Build | Mill |
| 5:27 | Create | Villager (Male) ×3 |
| 5:27 | Create | Villager (Male) ×4 |
| 5:59 | Build | Palisade Wall |
| 6:53 | Build | Lumber Camp |
| 7:14 | Build | Palisade Wall |
| 7:23 | Create | Villager (Male) ×5 |
| 7:27 | Research | Loom |
| 7:48 | Build | House |
| 7:59 | Build | Palisade Wall |
| 8:02 | Research | Feudal Age |
| 8:54 | Build | Palisade Wall |
| 9:13 | Build | Palisade Wall |
| 9:40 | Create | Villager (Male) ×5 |
| 9:51 | Build | Barracks |
| 10:04 | Build | Palisade Wall |
| 10:23 | Age | Feudal Age |
| 10:24 | Research | Double-Bit Axe |
| 10:24 | Research | Double-Bit Axe |
| 10:35 | Research | Horse Collar |
| 10:35 | Research | Horse Collar |
| 11:02 | Build | Farm |
| 11:03 | Build | Farm |
| 11:12 | Build | Farm |
| 11:23 | Create | Villager (Male) |
| 11:23 | Create | Villager (Male) |
| 11:32 | Build | Farm |
| 11:42 | Build | Farm |
| 12:10 | Build | Farm |
| 12:17 | Build | Farm |
| 12:28 | Build | Farm |
| 12:36 | Build | Farm |
| 12:41 | Create | Villager (Male) ×3 |
| 13:03 | Build | House |
| 13:19 | Build | Farm |
| 13:23 | Build | Farm |
| 13:27 | Build | Mining Camp |
| 13:43 | Create | Villager (Male) ×5 |
| 13:54 | Build | House |
| 14:33 | Build | Blacksmith |
| 15:08 | Build | Stable |
| 15:35 | Create | Villager (Male) |
| 15:36 | Create | Villager (Male) |
| 15:41 | Research | Wheelbarrow |
| 16:02 | Build | Mining Camp |
| 16:52 | Research | Town Watch |
| 16:59 | Build | Stable |
| 17:39 | Build | Palisade Gate |
| 17:49 | Build | Farm |
| 17:49 | Build | Farm |
| 17:50 | Build | Farm |
| 17:55 | Build | Farm |
| 18:04 | Build | Farm |
| 18:13 | Research | Castle Age |
| 18:48 | Research | Bloodlines |
| 18:53 | Research | Scale Barding Armor |
| 19:06 | Build | Farm |
| 19:07 | Build | Farm |
| 19:11 | Create | Villager (Male) ×3 |
| 19:51 | Create | Villager (Male) ×4 |
| 20:17 | Build | House |
| 20:18 | Build | House |
| 20:29 | Build | House |
| 20:53 | Age | Castle Age |
| 20:59 | Create | Knight ×5 |
| 21:01 | Research | Husbandry |
| 21:22 | Research | Bow Saw |
| 21:22 | Research | Bow Saw |
| 21:25 | Research | Heavy Plow |
| 21:25 | Research | Heavy Plow |
| 21:53 | Research | Hand Cart |
| 22:17 | Build | House |
| 22:19 | Build | House |
| 22:23 | Build | House |
| 22:25 | Build | House |
| 22:44 | Create | Knight ×5 |
| 23:07 | Create | Villager (Male) ×2 |
| 23:15 | Create | Knight |
| 23:45 | Build | Farm |
| 23:45 | Build | Farm |
| 23:51 | Create | Villager (Male) ×5 |
| 24:19 | Create | Knight ×4 |
| 24:43 | Research | Chain Barding Armor |
| 24:43 | Research | Chain Barding Armor |
| 25:20 | Create | Knight ×5 |
| 25:33 | Create | Villager (Male) |
| 25:33 | Create | Villager (Male) |
| 25:52 | Create | Villager (Male) ×3 |
| 26:30 | Create | Knight ×3 |
| 27:10 | Create | Villager (Male) ×5 |
| 27:11 | Create | Knight |
| 27:59 | Create | Knight ×5 |
| 28:42 | Build | Town Center |
| 28:50 | Build | House |
| 28:51 | Build | House |
| 28:52 | Build | House |
| 28:54 | Build | House |
| 29:01 | Create | Knight ×5 |
| 29:42 | Create | Villager (Male) ×5 |
| 30:14 | Build | Farm |
| 30:14 | Build | Farm |
| 30:14 | Build | Farm |
| 30:14 | Build | Farm |
| 30:15 | Build | Farm |
| 30:15 | Build | Farm |
| 30:16 | Build | Farm |
| 30:16 | Build | Farm |
| 30:17 | Build | Farm |
| 30:18 | Build | Farm |
| 30:26 | Create | Villager (Male) ×5 |
| 30:35 | Build | Mining Camp |
| 30:40 | Create | Villager (Male) ×5 |
| 30:47 | Build | Farm |
| 30:58 | Create | Knight ×4 |
| 31:34 | Create | Knight ×3 |
| 31:44 | Build | Town Center |
| 32:01 | Research | Gold Mining |
| 32:01 | Research | Stone Mining |
| 32:05 | Research | Stone Mining |
| 32:15 | Create | Knight ×2 |
| 32:30 | Create | Scout Cavalry |
| 32:55 | Create | Villager (Male) ×5 |
| 33:03 | Create | Knight ×3 |
| 33:14 | Build | House |
| 33:16 | Build | House |
| 33:17 | Build | House |
| 33:19 | Build | House |
| 33:22 | Build | House |
| 33:26 | Build | House |
| 33:27 | Build | House |
| 33:47 | Build | Lumber Camp |
| 33:59 | Build | House |
| 34:00 | Build | House |
| 34:01 | Build | House |
| 34:03 | Build | House |
| 34:10 | Build | House |
Match timeline
| 5:59 | Duc · wall_segment Palisade Wall x4 |
| 6:57 | The Joker 7 · first_building Barracks |
| 7:14 | Duc · wall_segment Palisade Wall x19 |
| 7:59 | Duc · wall_segment Palisade Wall x3 |
| 8:22 | The Joker 7 · wall_segment Palisade Wall x10 |
| 8:54 | Duc · wall_segment Palisade Wall x18 |
| 9:02 | Anders Viking Håndboldlandshold · first_building Barracks |
| 9:12 | Anders Viking Håndboldlandshold · wall_segment Palisade Wall x12 |
| 9:13 | Duc · wall_segment Palisade Wall x11 |
| 9:23 | tekin_vision · first_building Barracks |
| 9:51 | Duc · first_building Barracks |
| 10:04 | Duc · wall_segment Palisade Wall x13 |
| 10:23 | Duc · age_up feudal |
| 10:40 | tekin_vision · age_up feudal |
| 10:42 | tekin_vision · first_building Archery Range |
| 11:05 | Anders Viking Håndboldlandshold · wall_segment Palisade Wall x7 |
| 11:10 | The Joker 7 · wall_segment Palisade Wall x11 |
| 11:23 | Anders Viking Håndboldlandshold · wall_segment Palisade Wall x23 |
| 11:45 | The Joker 7 · wall_segment Palisade Wall x22 |
| 12:08 | Anders Viking Håndboldlandshold · wall_segment Palisade Wall x6 |
| 12:10 | The Joker 7 · age_up feudal |
| 12:36 | Anders Viking Håndboldlandshold · age_up feudal |
| 13:39 | Anders Viking Håndboldlandshold · first_building Stable |
| 14:11 | Anders Viking Håndboldlandshold · wall_segment Palisade Wall x1 |
| 14:28 | The Joker 7 · first_building Stable |
| 15:08 | Duc · first_building Stable |
| 18:08 | Anders Viking Håndboldlandshold · wall_segment Palisade Wall x14 |
| 18:14 | Anders Viking Håndboldlandshold · wall_segment Palisade Wall x12 |
| 20:53 | Duc · age_up castle |
| 21:05 | Anders Viking Håndboldlandshold · age_up castle |
| 22:12 | The Joker 7 · age_up castle |
| 22:34 | tekin_vision · age_up castle |
| 24:23 | The Joker 7 · first_building Monastery |
| 26:20 | The Joker 7 · first_building Castle |
| 26:52 | Anders Viking Håndboldlandshold · first_building Archery Range |
| 28:37 | Anders Viking Håndboldlandshold · first_building Castle |
| 29:57 | Anders Viking Håndboldlandshold · first_building Monastery |
| 31:48 | The Joker 7 · first_market_buy 100 food |
| 32:13 | tekin_vision · first_building Monastery |
| 32:33 | tekin_vision · first_market_buy 100 food |
| 35:00 | The Joker 7 · age_up imperial |
| 35:01 | Anders Viking Håndboldlandshold · first_building Siege Workshop |
| 37:46 | tekin_vision · age_up imperial |
| 38:22 | Duc · first_building Castle |
| 39:11 | The Joker 7 · tribute_sent a jugador 2 |
| 39:11 | The Joker 7 · tribute_sent a jugador 3 |
| 39:11 | The Joker 7 · tribute_sent a jugador 4 |
| 39:14 | Anders Viking Håndboldlandshold · age_up imperial |
| 43:21 | Duc · age_up imperial |
| 43:44 | tekin_vision · first_building Siege Workshop |
| 44:53 | The Joker 7 · first_market_sell 100 food |
| 50:12 | tekin_vision · first_market_sell 100 wood |
| 51:33 | tekin_vision · tribute_sent a jugador 1 |
| 51:33 | tekin_vision · tribute_sent a jugador 2 |
| 51:33 | tekin_vision · tribute_sent a jugador 4 |
| 52:09 | The Joker 7 · first_building Siege Workshop |
| 65:16 | Anders Viking Håndboldlandshold · wall_segment Stone Wall x8 |
| 65:18 | Anders Viking Håndboldlandshold · wall_segment Stone Wall x5 |
| 65:20 | Anders Viking Håndboldlandshold · wall_segment Stone Wall x3 |
| 71:11 | The Joker 7 · resign |
[ AI ANALYSIS · 1 CREDIT ]
What really happened in this match?
Wolo.gg analyzes every decision: build order, eco, micro, common mistakes by bracket. Personalized analysis on WhatsApp or Discord in 30 seconds.
Civ guide
Mongols
Map guide
Arabia
Perfil
Jugador #23909497